 Dungeon Crawl Stone Soup version 0.24.0-5-g267a8d59f4 (webtiles) character file.

Game seed: 4421759048989855074, levelgen mode: deterministic

122661 Arum the Warrior (level 17, -6/151 HPs)
             Began as a Formicid Fighter on Nov 1, 2019.
             Was the Champion of the Shining One.
             Mangled by a tentacle (14 damage)
             ... attached to a kraken
             ... on level 2 of the Shoals.
             The game lasted 01:13:51 (31564 turns).

Arum the Warrior (Formicid Fighter)                Turns: 31564, Time: 01:13:51

Health: -6/151     AC: 24    Str: 28    XL:     17   Next: 43%
Magic:  17/17      EV:  9    Int: 17    God:    the Shining One [******]
Gold:   728        SH: 21    Dex: 12    Spells: 10/16 levels left

rFire    + . .     SeeInvis +   Y - +8 morningstar "Qikkyovo" {flame, *Rage rPois Int+4}
rCold    + + +     Gourm    .   W - +0 large shield
rNeg     + + +     Faith    .   O - +7 ice dragon scales of the Mind {rF- rC++ Slay+3}
rPois    +         Spirit   .   (helmet unavailable)
rElec    .         Reflect  .   G - scarf {repulsion}
rCorr    .         Harm     .   n - +0 pair of gloves {Str+3}
MR       +....                  w - +0 pair of boots
Stlth    ..........             (no amulet)
HPRegen  0.35/turn              T - ring of Piheicod {rF+ rC+ Str+2 Dex+2 Stlth-}
MPRegen  0.15/turn              g - ring of protection from fire

@: glowing, repel missiles, very slow
A: permanent stasis, dig shafts and tunnels, four strong arms, antennae 3
a: Dig, Shaft Self, Divine Shield, Cleansing Flame, Summon Divine Warrior,
Renounce Religion


You were on level 2 of the Shoals.
You worshipped the Shining One.
The Shining One was exalted by your worship.
You were hungry.

You visited 5 branches of the dungeon, and saw 26 of its levels.
You visited 1 bazaar.
You also visited: Gauntlet and Ice Cave.

You collected 2731 gold pieces.
You spent 2003 gold pieces at shops.

Inventory:

Hand Weapons
 b - a +2 great mace of crushing
 e - the +8 trident of the Octopus King {venom, rElec rPois MR+}
   (You found it in a Gauntlet)

   It poisons the flesh of those it strikes.
   It insulates you from electricity.
   It protects you from poison.
   It affects your resistance to hostile enchantments.
 E - the +7 flail "Keudwip" {crush, +Rage +Inv Stlth+}
   (You bought it in a shop on level 4 of the Dungeon)

   It inflicts extra damage upon your enemies.
   It lets you turn invisible.
   It lets you go berserk.
   It makes you more stealthy.
 X - a +8 sacred scourge of holy wrath
 Y - the +8 morningstar "Qikkyovo" (weapon) {flame, *Rage rPois Int+4}
   (You found it on level 1 of the Lair of Beasts)

   It has been specially enchanted to burn those struck by it, causing extra
   injury to most foes and up to half again as much damage against particularly
   susceptible opponents.
   It affects your intelligence (+4).
   It protects you from poison.
   It may make you go berserk in combat.
Missiles
 y - a throwing net (quivered)
 K - 15 silver javelins
 Q - 13 javelins
Armour
 i - a +0 crystal plate armour
 n - a +0 pair of gloves of strength (worn)
 u - the cursed +1 scale mail "Yhitayla" {rPois rF++ SInv}
   (You bought it in a shop in a bazaar)

   It greatly protects you from fire.
   It protects you from poison.
   It lets you see invisible.
   It has a curse placed upon it.
 w - a +0 pair of boots (worn)
 G - a scarf of repulsion (worn)
 O - the +7 ice dragon scales of the Mind (worn) {rF- rC++ Slay+3}
   (You found it in an ice cave)

   It affects your accuracy and damage with ranged weapons and melee attacks
   (+3).
   It makes you vulnerable to fire.
   It greatly protects you from cold.
 W - a +0 large shield (worn)
Jewellery
 g - a ring of protection from fire (right hand)
 o - an uncursed ring of protection from magic
 t - an uncursed ring of protection from cold
 F - the ring of Xom's Malicious Joy {Dex+10 Slay-5 SInv}
   (You bought it in a shop on level 4 of the Dungeon)

   [ring of see invisible]

   It affects your dexterity (+10).
   It affects your accuracy and damage with ranged weapons and melee attacks
   (-5).
   It lets you see invisible.
 I - an uncursed ring of resist corrosion
 N - an uncursed ring of ice
 T - the ring of Piheicod (left hand) {rF+ rC+ Str+2 Dex+2 Stlth-}
   (You found it on level 5 of the Lair of Beasts)

   [ring of protection from cold]

   It affects your strength (+2).
   It affects your dexterity (+2).
   It protects you from fire.
   It protects you from cold.
   It makes you less stealthy.
 Z - an uncursed ring of protection from magic
Wands
 c - a wand of acid (3)
 k - a wand of enslavement (8)
 B - a wand of digging (2)
 J - a wand of iceblast (19)
Scrolls
 h - 3 scrolls of identify
 l - 9 scrolls of amnesia
 m - 7 scrolls of immolation
 p - 4 scrolls of fear
 r - 13 scrolls of remove curse
 s - 9 scrolls of enchant armour
 x - 4 scrolls of fog
 D - a scroll of brand weapon
 S - 2 scrolls of silence
Potions
 a - 3 potions of magic
 d - 5 potions of might
 j - 2 potions of cancellation
 q - 6 potions of mutation
 v - 9 potions of curing
 z - 4 potions of flight
 A - 7 potions of heal wounds
 H - 4 potions of brilliance
 L - 2 potions of resistance
 M - 3 potions of lignification
 R - 3 potions of ambrosia
Comestibles
 f - 51 rations
 C - 3 chunks of flesh


   Skills:
 + Level 18.5 Fighting
 + Level 17.1 Maces & Flails
 - Level 12.3 Armour
 + Level 14.4 Shields


You had 10 spell levels left.
You knew the following spells:

 Your Spells              Type           Power        Failure   Level  Hunger
a - Statue Form           Tmut/Erth      #........    100%        6    #######

Your spell library contained the following spells:

 Spells                   Type           Power        Failure   Level  Hunger
 Animate Skeleton         Necr           N/A          50%         1    ##.....
 Beastly Appendage        Tmut           #.....       50%         1    ##.....
 Pain                     Necr           #...         50%         1    ##.....
 Summon Small Mammal      Summ           #...         50%         1    ##.....
 Call Imp                 Summ           #.......     63%         2    ###....
 Poisonous Vapours        Pois/Air       #.....       63%         2    ###....
 Sticks to Snakes         Tmut           #.......     63%         2    ###....
 Call Canine Familiar     Summ           #.......     86%         3    ####...
 Conjure Flame            Conj/Fire      #.......     86%         3    ####...
 Mephitic Cloud           Conj/Pois/Air  #.......     86%         3    ####...
 Recall                   Summ/Tloc      N/A          86%         3    ####...
 Regeneration             Chrm/Necr      #.........   86%         3    ####...
 Spider Form              Tmut/Pois      #.........   86%         3    ####...
 Summon Guardian Golem    Hex/Summ       #.......     86%         3    ####...
 Vampiric Draining        Necr           #.........   86%         3    ####...
 Animate Dead             Necr           N/A          99%         4    #####..
 Ice Form                 Ice/Tmut       #.......     99%         4    #####..
 Summon Ice Beast         Ice/Summ       #.......     99%         4    #####..
 Summon Lightning Spire   Summ/Air       #.......     99%         4    #####..
 Blade Hands              Tmut           #.........   100%        5    ######.
 Borgnjor's Vile Clutch   Necr/Erth      #.........   100%        5    ######.
 Irradiate                Conj/Tmut      #.........   100%        5    ######.
 Metabolic Englaciation   Hex/Ice        #.........   100%        5    ######.
 Bolt of Cold             Conj/Ice       #.........   100%        6    #######
 Death Channel            Necr           #.........   100%        6    #######
 Freezing Cloud           Conj/Ice/Air   #.........   100%        6    #######
 Hydra Form               Tmut           #.........   100%        6    #######
 Ozocubu's Refrigeration  Ice            #.........   100%        6    #######
 Simulacrum               Ice/Necr       #.........   100%        6    #######
 Dragon Form              Tmut           #.........   100%        7    #######
 Ring of Flames           Chrm/Fire      #.........   100%        7    #######


Dungeon Overview and Level Annotations

Branches:
Dungeon (15/15)            Temple (1/1) D:7            Lair (6/6) D:10
 Shoals (2/4) Lair:4        Snake (0/4) Lair:4        Slime (0/5) Lair:5
    Orc (2/2) D:9             Elf (0/3) Orc:2        Vaults (0/5) D:14
 Depths (0/5) D:15          IceCv (visited)         Gauntlet (visited)

Altars:
Ashenzari
Cheibriados
Dithmenos
Elyvilon
Fedhas
Gozag
Hepliaklqana
Kikubaaqudgha
Makhleb
Nemelex Xobeh
Okawaru
Qazlal
Ru
Sif Muna
Trog
Uskayaw
Vehumet
Wu Jian
Xom
Yredelemnul
Zin
The Shining One
Beogh
Jiyva

Shops:
D:4 *(*??   D:5 [   D:6 [   D:15 *   Orc:2 :[(   Shoals:2 [


Innate Abilities, Weirdness & Mutations

You cannot be hasted, slowed, berserked, paralysed or teleported.
You can dig through walls and to a lower floor.
Your four strong arms can wield two-handed weapons with a shield.
You have a pair of large antennae on your head. (SInv)


Message History

Unknown command.
You feel much better.
The tentacle slaps you but does no damage.
You block the tentacle's attack. The tentacle slaps you.
* * * LOW HITPOINT WARNING * * *
You block the tentacle's attack.
The kraken squirts a massive cloud of ink into the water!
The tentacle barely misses you. The tentacle closely misses you.
You block the tentacle's attack. The tentacle barely misses you.
The kraken bites you!!
* * * LOW HITPOINT WARNING * * *
Unknown command.
Unknown command.
Unknown command.
You feel much better. You block the tentacle's attack.
The tentacle barely misses you. You block the tentacle's attack. x2
The kraken bites you!!
* * * LOW HITPOINT WARNING * * *
The tentacle slaps you!
You die...

≈≈≈≈≈≈≈≈≈≈≈≈.≈..[≈≈≈≈≈≈..≈≈≈≈>≈≈≈
≈≈≈≈≈≈≈≈≈≈≈≈≈≈≈≈≈≈.......≈≈≈≈≈..≈
≈≈≈≈≈≈≈≈≈≈≈≈≈≈≈...###...≈≈≈≈≈....
≈≈≈≈≈≈≈≈≈≈≈≈≈≈....##..≈.≈≈≈≈≈.≈≈.
≈≈≈≈≈≈≈≈≈≈≈≈≈≈≈....###.≈≈≈≈≈≈≈≈≈≈
≈≈≈≈≈≈≈≈≈≈≈≈≈≈≈≈≈§.##...≈≈≈≈≈≈≈≈≈
≈≈≈≈≈≈≈≈ ≈≈≈≈≈§§§§......≈≈≈≈≈≈≈≈≈
≈≈≈≈≈≈≈ ≈≈≈≈≈§§§w§....≈≈ ≈≈≈≈≈
≈≈≈≈≈≈ ≈≈≈§≈§w@≈§..<... ≈≈≈≈≈
≈≈≈≈§§wXw§.....≈ ≈≈≈§§≈≈§§≈§.§§.≈
≈≈≈≈§§§§≈§§≈§≈≈≈ ≈≈≈≈≈≈§≈§§≈≈≈≈≈≈
≈≈≈≈≈≈≈≈≈≈≈≈≈≈≈≈ ≈≈≈≈§≈ ≈≈ ≈≈≈≈§§
≈≈≈


You could see a kraken and 4 tentacles.

Vanquished Creatures
  Rupert (D:14)
  A kraken (Shoals:1)
  Ilsuiw (Shoals:2)
  Louise (D:15)
  An orc warlord (Orc:2)
  A minotaur (Gauntlet)
  Snorg (D:10)
  A merfolk javelineer (Shoals:2)
  2 merfolk impalers
  An ettin (Orc:2)
  2 fire dragons
  Josephine (D:15)
  The ghost of Nattefrost the Spear-Bearer, a journeyman HOWn of Zin (Lair:1)
  Erolcha (D:13)
  Fannar (Lair:3)
  An ice dragon (D:15)
  3 ogre magi
  A catoblepas (D:13)
  7 hydras
  Erica (D:8)
  A merfolk avatar (Shoals:1)
  2 centaur warriors
  A dancing weapon (Lair:1)
  11 two-headed ogres
  A queen ant (Gauntlet)
  Urug (Orc:1)
  3 death yaks (Lair:6)
  The ghost of Aelig the Destroyer, a journeyman KoCj of Ashenzari (D:10)
  Sonja (Lair:3)
  A deep elf knight (D:14)
  3 orc high priests
  A skeletal warrior (D:14)
  3 unseen horrors
  7 orc knights
  5 deep elf magi
  Pikel (D:5)
  2 wolf spider zombies (D:13)
  4 oklob plants (Lair:1)
  4 cyclopes
  4 fauns (Shoals:2)
  4 orc sorcerers
  4 ugly things
  5 manticores
  6 black mambas
  3 elephants (Lair:5)
  5 merfolk sirens
  A water nymph (Shoals:2)
  4 ice statues
  2 rime drakes
  8 komodo dragons
  A redback zombie (D:14)
  32 spiny frogs
  11 merfolk
  7 trolls
  2 wind drakes (Shoals:2)
  Prince Ribbit (Lair:3)
  A snapping turtle (Shoals:2)
  3 tyrant leeches (Lair:6)
  3 hornets
  5 slime creatures (D:14)
  A harpy skeleton (D:14)
  13 hippogriffs
  10 dream sheep
  21 blink frogs
  6 shadows
  2 vampires
  6 wraiths
  4 wyverns
  46 yaks
  4 basilisks
  6 vampire mosquitoes (Lair:6)
  3 hungry ghosts
  3 wargs
  6 soldier ants
  An acid dragon (D:11)
  11 water moccasins
  7 porcupines
  32 orc warriors
  A phantom (D:5)
  3 sky beasts
  12 ice beasts
  A black bear (D:12)
  An eye of draining (D:13)
  18 ogres
  2 necrophages
  3 boggarts (D:14)
  7 wolves
  11 crocodiles
  7 centaurs
  An elf zombie (D:8)
  A big kobold (D:8)
  23 bullfrogs
  A water moccasin zombie (D:11)
  4 scorpions
  A troll zombie (D:8)
  4 killer bees (D:10)
  8 wights
  6 howler monkeys
  3 electric eels
  A bullfrog zombie (D:12)
  3 jellies
  5 crimson imps
  6 hounds
  20 orc wizards
  11 centaur skeletons
  4 human zombies (D:8)
  15 orc priests
  Ijyb (D:4)
  A human skeleton (D:8)
  3 iguanas
  Natasha (thrice) (D:4)
  7 worker ants
  A statue (D:6)
  A hound skeleton (D:5)
  A mummy (D:8)
  A howler monkey zombie (D:5)
  A worker ant zombie (D:5)
  Robin (D:2)
  3 gnolls (D:8)
  A howler monkey skeleton (D:9)
  10 adders
  2 shadow imps
  12 white imps (Lair:6)
  2 oozes
  An adder zombie (D:5)
  2 adder skeletons
  3 worms
  A dart slug (D:2)
  2 leopard geckos
  62 orcs
  4 giant cockroaches
  19 goblins
  9 hobgoblins
  5 jackals
  12 kobolds
  4 quokkas
  12 bats
  2 frilled lizards
  A jackal zombie (D:6)
  An orc skeleton (D:8)
  A quokka skeleton (D:4)
  4 rats
  A bush (Lair:2)
  11 plants
  7 tentacles
775 creatures vanquished.

Vanquished Creatures (others)
  A leopard gecko (D:5)
  An orc (D:11)
  16 fungi (Lair:6)
  40 plants (Lair:6)
  16 tentacles
74 creatures vanquished.

Grand Total: 849 creatures vanquished

Notes
Turn   | Place    | Note
-------+----------+-------------------------------------------
     0 | D:1      | Arum the Formicid Fighter began the quest for the Orb.
     0 | D:1      | Reached XP level 1. HP: 18/18 MP: 1/1
   157 | D:1      | Reached XP level 2. HP: 22/24 MP: 2/2
   708 | D:2      | Reached XP level 3. HP: 13/30 MP: 3/3
   902 | D:2      | Found a blossoming altar of Fedhas.
   902 | D:2      | Found a basalt altar of Yredelemnul.
   906 | D:2      | Found a white marble altar of Elyvilon.
  1005 | D:2      | Reached skill level 4 in Fighting
  1005 | D:2      | Reached XP level 4. HP: 11/37 MP: 4/4
  1277 | D:2      | Noticed Robin
  1340 | D:2      | Killed Robin
  1545 | D:2      | HP: 1/37 [adder (1)]
  1551 | D:2      | HP: 1/55 [poisoned by an adder]
  1553 | D:2      | Reached XP level 5. HP: 1/43 MP: 5/5
  2409 | D:3      | Found a shimmering altar of Xom.
  2509 | D:3      | Reached skill level 5 in Shields
  3216 | D:4      | Found Diekej's Assorted Antiques.
  3329 | D:4      | Reached XP level 6. HP: 30/49 MP: 6/6
  3488 | D:4      | Noticed Natasha
  3495 | D:4      | Killed Natasha
  3506 | D:4      | Reached skill level 5 in Fighting
  3514 | D:4      | Noticed Natasha
  3527 | D:4      | Killed Natasha
  3549 | D:4      | Noticed Natasha
  3565 | D:4      | Killed Natasha
  3670 | D:4      | Noticed Ijyb
  3700 | D:4      | Killed Ijyb
  3704 | D:4      | Found Xampudis's Assorted Antiques.
  3796 | D:4      | Found Tafid's Magic Scroll Emporium.
  3801 | D:4      | Bought a scroll of identify for 24 gold pieces
  3961 | D:4      | Found Paomohux's Magic Scroll Shop.
  3997 | D:4      | Found Weonefu's Antique Weapon Emporium.
  4415 | D:4      | Bought a smoking flail for 170 gold pieces
  4417 | D:4      | Identified the +7 flail "Keudwip" {crush, +Rage +Inv
                  | Stlth+} (You bought it in a shop on level 4 of the Dungeon)
  4484 | D:5      | Entered Level 5 of the Dungeon
  4484 | D:5      | Noticed a phantom
  4500 | D:5      | Killed a phantom
  4500 | D:5      | Reached XP level 7. HP: 42/56 MP: 7/7
  4633 | D:5      | Reached skill level 6 in Fighting
  4661 | D:5      | Noticed Pikel
  4699 | D:5      | Killed Pikel
  4699 | D:5      | Reached skill level 5 in Maces & Flails
  4699 | D:5      | Reached XP level 8. HP: 40/65 MP: 8/8
  4829 | D:5      | Found Jyti Mecw's Armour Boutique.
  5139 | D:6      | Found a radiant altar of Vehumet.
  5178 | D:6      | Found Dabrusez's Antique Armour Shoppe.
  5198 | D:6      | Reached skill level 7 in Fighting
  5270 | D:6      | Reached XP level 9. HP: 65/72 MP: 9/9
  5860 | D:7      | Got a transparent mace
  5861 | D:7      | Identified the +4 mace "Syumuyl" {crush, rC+ SInv} (You
                  | found it on level 7 of the Dungeon)
  5889 | D:7      | Reached skill level 8 in Fighting
  5966 | D:7      | Found a staircase to the Ecumenical Temple.
  5975 | Temple   | Entered the Ecumenical Temple
  6093 | Temple   | Became a worshipper of the Shining One
  6290 | D:7      | Noticed a hippogriff
  6300 | D:7      | Killed a hippogriff
  6316 | D:7      | Reached skill level 9 in Fighting
  6792 | D:8      | Noticed Erica
  6800 | D:8      | Noticed a hippogriff
  6804 | D:8      | Killed Erica
  6804 | D:8      | Reached XP level 10. HP: 72/85 MP: 10/10
  6812 | D:8      | Reached skill level 10 in Fighting
  7001 | D:8      | Reached * piety under the Shining One
  7008 | D:8      | Found an ancient bone altar of Kikubaaqudgha.
  7493 | D:8      | Found a sparkling altar of Nemelex Xobeh.
  7495 | D:8      | Found a snail-covered altar of Cheibriados.
  7495 | D:8      | Found a shattered altar of Ashenzari.
  7496 | D:8      | Found a sacrificial altar of Ru.
  7501 | D:8      | Found an iron altar of Okawaru.
  7566 | D:9      | Found a glowing silver altar of Zin.
  7590 | D:9      | Reached skill level 11 in Fighting
  7595 | D:9      | Reached ** piety under the Shining One
  7730 | D:9      | Reached skill level 10 in Maces & Flails
  7785 | D:9      | Found a staircase to the Orcish Mines.
  8009 | D:9      | Reached XP level 11. HP: 93/93 MP: 11/11
  9159 | D:10     | Entered Level 10 of the Dungeon
  9391 | D:10     | Found a staircase to the Lair.
  9502 | D:10     | Found a runed translucent door.
  9502 | D:10     | Noticed Aelig's ghost (journeyman KoCj)
  9510 | D:10     | Reached *** piety under the Shining One
  9516 | D:10     | Reached skill level 12 in Fighting
  9859 | D:10     | Noticed Snorg
  9874 | D:10     | Killed Snorg
  9874 | D:10     | Reached skill level 5 in Armour
 10515 | D:11     | Noticed a centaur warrior
 10932 | D:11     | Noticed a two-headed ogre
 10944 | D:11     | Killed a two-headed ogre
 10945 | D:11     | Noticed a two-headed ogre
 10951 | D:11     | Reached XP level 12. HP: 44/103 MP: 12/12
 10957 | D:11     | Noticed an unseen horror
 10977 | D:11     | Killed a two-headed ogre
 11283 | D:11     | Killed an unseen horror
 11311 | D:11     | Killed a centaur warrior
 11311 | D:11     | Reached skill level 13 in Fighting
 11447 | D:11     | Learned a level 6 spell: Statue Form
 11793 | D:11     | Found a runed translucent door.
 11901 | D:11     | Noticed an unseen horror
 11911 | D:11     | Killed an unseen horror
 11919 | D:11     | Noticed a fire dragon
 11924 | D:11     | Killed a fire dragon
 12246 | D:11     | Noticed a five-headed hydra
 12260 | D:11     | Killed a five-headed hydra
 12489 | D:11     | Got a crude halberd
 12502 | D:11     | Got an iridescent mace
 12503 | D:11     | Identified the cursed +1 mace "Ant's Regret" {freeze, rN+
                  | Int-4 SInv} (You found it on level 11 of the Dungeon)
 12714 | D:12     | Reached XP level 13. HP: 85/112 MP: 13/13
 12823 | D:12     | Noticed a centaur warrior
 12823 | D:12     | Reached **** piety under the Shining One
 12838 | D:12     | Killed a centaur warrior
 13262 | D:12     | Reached skill level 14 in Fighting
 13681 | D:12     | You fall into a shaft and drop 3 floors!
 13681 | D:15     | Entered Level 15 of the Dungeon
 13694 | D:15     | Noticed Josephine
 13705 | D:15     | Killed Josephine
 13740 | D:15     | Found Yczing's Assorted Antiques.
 13891 | D:14     | Noticed a centaur warrior
 14032 | D:12     | Reached skill level 10 in Armour
 14052 | D:12     | Noticed a six-headed hydra
 14057 | D:12     | Killed a six-headed hydra
 14356 | D:6      | Bought a slimy chain mail for 266 gold pieces
 14356 | D:6      | Identified the +5 chain mail of the Other World {*Drain
                  | Dex+8} (You bought it in a shop on level 6 of the Dungeon)
 14422 | D:4      | Bought a glittering silver ring for 145 gold pieces
 14423 | D:4      | Identified the ring of Xom's Malicious Joy {Dex+10 Slay-5
                  | SInv} (You bought it in a shop on level 4 of the Dungeon)
 14606 | D:10     | Killed Aelig's ghost
 14711 | D:13     | Identified the +4 robe of Eternal Night {Dex+4}
 14711 | D:13     | Noticed Erolcha
 14729 | D:13     | Killed Erolcha
 15008 | D:13     | Reached ***** piety under the Shining One
 15251 | D:13     | Noticed a catoblepas
 15297 | D:13     | Killed a catoblepas
 16388 | D:14     | Reached skill level 15 in Fighting
 16390 | D:14     | Reached XP level 14. HP: 121/123 MP: 14/14
 16680 | D:14     | Noticed Rupert
 16734 | D:14     | Killed Rupert
 17110 | D:14     | Found a gate to the Vaults.
 17899 | D:15     | Noticed Louise
 18114 | D:15     | Killed Louise
 18373 | D:15     | Found a staircase to the Depths.
 18636 | D:15     | Reached skill level 16 in Fighting
 18933 | D:15     | Reached XP level 15. HP: 118/131 MP: 15/15
 19194 | D:4      | Bought a pair of faintly glowing gloves for 275 gold pieces
 19195 | D:4      | Identified the +0 pair of gloves of Ulosk {*Corrode rElec
                  | rPois} (You bought it in a shop on level 4 of the Dungeon)
 19198 | D:4      | Identified a scroll of acquirement
 19203 | D:4      | Got a distressingly furry plate armour
 19204 | D:4      | Identified the +0 plate armour of Uguwkyts {rElec rPois
                  | Int-4} (You acquired it on level 4 of the Dungeon)
 19287 | Orc:1    | Entered Level 1 of the Orcish Mines
 19294 | Orc:1    | Noticed Urug
 19316 | Orc:1    | Killed Urug
 19848 | Orc:1    | Reached skill level 15 in Maces & Flails
 19987 | Orc:1    | Found a roughly hewn altar of Beogh.
 20156 | Orc:2    | Entered Level 2 of the Orcish Mines
 20202 | Orc:2    | Reached skill level 10 in Shields
 20590 | Orc:2    | Found a staircase to the Elven Halls.
 20689 | Orc:2    | Noticed an orc warlord
 20710 | Orc:2    | Killed an orc warlord
 20855 | Orc:2    | Reached ****** piety under the Shining One
 20856 | Orc:2    | Found a roughly hewn altar of Beogh.
 21244 | Orc:2    | Found Lodaacuck's Book Shop.
 21259 | Orc:2    | Found Aroe's General Store.
 21299 | Orc:2    | Found a roughly hewn altar of Beogh.
 21435 | Orc:2    | Found Palot's Antique Weapon Shop.
 21450 | Orc:2    | Found Ytuthigu's Antique Armour Shop.
 21882 | Lair:1   | Entered Level 1 of the Lair of Beasts
 22210 | Lair:1   | Found a runed translucent door.
 22210 | Lair:1   | Found a shimmering altar of Xom.
 22210 | Lair:1   | Noticed Nattefrost's ghost (journeyman HOWn)
 22233 | Lair:1   | Killed Nattefrost's ghost
 22624 | Lair:1   | Got an encrusted morningstar
 23043 | Lair:2   | Identified the +8 morningstar "Qikkyovo" {flame, *Rage
                  | rPois Int+4} (You found it on level 1 of the Lair of
                  | Beasts)
 23333 | Lair:2   | Reached skill level 17 in Fighting
 24376 | Lair:3   | Noticed Prince Ribbit
 24470 | Lair:3   | Killed Prince Ribbit
 24560 | Lair:3   | Noticed Fannar
 24574 | Lair:3   | Killed Fannar
 24611 | Lair:3   | Noticed Sonja
 24629 | Lair:3   | Killed Sonja
 24635 | Lair:3   | Reached XP level 16. HP: 124/141 MP: 16/16
 25238 | Lair:4   | Found a staircase to the Snake Pit.
 25723 | Lair:4   | Found a staircase to the Shoals.
 26050 | Lair:5   | Found a staircase to the Slime Pits.
 26050 | Lair:5   | Found a viscous altar of Jiyva.
 27036 | Lair:5   | Got a sparkling granite ring
 27037 | Lair:5   | Identified the ring of Piheicod {rF+ rC+ Str+2 Dex+2
                  | Stlth-} (You found it on level 5 of the Lair of Beasts)
 27038 | Lair:5   | Identified a glowing sacred scourge {god gift} (a glowing
                  | demon whip blessed by the Shining One)
 27038 | Lair:5   | Received a gift from the Shining One
 27101 | Lair:6   | Entered Level 6 of the Lair of Beasts
 27135 | Lair:6   | Found a frozen archway.
 27184 | Lair:6   | Found a gate leading to a gauntlet.
 27238 | Gauntlet | Entered a Gauntlet
 27238 | Gauntlet | Found a transporter.
 27238 | Gauntlet | Found a transporter.
 27239 | Gauntlet | Found a transporter.
 27242 | Gauntlet | Found a transporter.
 27244 | Gauntlet | Found a large runed translucent door.
 27245 | Gauntlet | Found a large runed translucent door.
 27246 | Gauntlet | Found a large runed translucent door.
 27246 | Gauntlet | Found a large runed translucent door.
 27246 | Gauntlet | Found a runed translucent door.
 27247 | Gauntlet | Found a large runed translucent door.
 27249 | Gauntlet | Found a large runed translucent door.
 27249 | Gauntlet | Found a large runed translucent door.
 27249 | Gauntlet | Found a large runed translucent door.
 27251 | Gauntlet | Found a transporter.
 27251 | Gauntlet | Found a transporter.
 27251 | Gauntlet | Found a runed translucent gate.
 27251 | Gauntlet | Found a runed translucent gate.
 27253 | Gauntlet | Found a transporter.
 27253 | Gauntlet | Found a transporter.
 27257 | Gauntlet | Found a transporter.
 27257 | Gauntlet | Found a transporter.
 27257 | Gauntlet | Identified a ring of the Octopus King {AC+1 EV+1 Str+1
                  | Int+1 Dex+1 Stlth+}
 27271 | Gauntlet | Found a transporter.
 27271 | Gauntlet | Found a transporter.
 27311 | Gauntlet | Found a runed translucent gate.
 27312 | Gauntlet | Found a large runed translucent door.
 27312 | Gauntlet | Found a large runed translucent door.
 27313 | Gauntlet | Found a large runed translucent door.
 27314 | Gauntlet | Found a large runed translucent door.
 27315 | Gauntlet | Found a large runed translucent door.
 27315 | Gauntlet | Found a large runed translucent door.
 27315 | Gauntlet | Found a runed translucent door.
 27316 | Gauntlet | Found a large runed translucent door.
 27317 | Gauntlet | Found a large runed translucent door.
 27674 | Gauntlet | Identified the ring of the Circus Animal {*Corrode +Inv rN+
                  | EV+6 Dex+4}
 27697 | Gauntlet | Found the +8 trident of the Octopus King {venom, rElec
                  | rPois MR+}
 27816 | IceCv    | Entered an ice cave
 27995 | IceCv    | Got brightly glowing ice dragon scales
 27996 | IceCv    | Identified the +7 ice dragon scales of the Mind {rF- rC++
                  | Slay+3} (You found it in an ice cave)
 28370 | Lair:6   | Reached skill level 18 in Fighting
 29108 | Lair:6   | Reached XP level 17. HP: 121/149 MP: 17/17
 29654 | Shoals:1 | Entered Level 1 of the Shoals
 29707 | Shoals:1 | Got a distressingly furry buckler
 29877 | Shoals:1 | Found a flickering gateway to a bazaar.
 29889 | Bazaar   | Entered a bazaar
 29889 | Bazaar   | Found Lyeroin's Gadget Shop.
 29889 | Bazaar   | Found Gaenivvi's Distillery.
 29908 | Bazaar   | Found Kygiy's Antique Armour Emporium.
 29920 | Bazaar   | Found Tinosics's General Store.
 29931 | Bazaar   | Found Amilimm's Antique Weapon Emporium.
 29939 | Bazaar   | Bought a runed great mace for 190 gold pieces
 29945 | Bazaar   | Identified the cursed +0 buckler of Youthful Indiscretion
                  | {Dex+4} (You found it on level 1 of the Shoals)
 29975 | Bazaar   | Bought a potion of heal wounds for 60 gold pieces
 29975 | Bazaar   | Bought 3 scrolls of identify for 72 gold pieces
 29975 | Bazaar   | Bought 2 potions of heal wounds for 120 gold pieces
 29988 | Bazaar   | Bought a smoking chain mail for 209 gold pieces
 29988 | Bazaar   | Bought a steaming scale mail for 198 gold pieces
 29989 | Bazaar   | Identified the +0 chain mail of the Eagle {rElec Str+3
                  | Dex-4} (You bought it in a shop in a bazaar)
 29990 | Bazaar   | Identified the cursed +1 scale mail "Yhitayla" {rPois rF++
                  | SInv} (You bought it in a shop in a bazaar)
 30009 | Bazaar   | Bought a potion of heal wounds for 50 gold pieces
 30009 | Bazaar   | Bought a potion of mutation for 80 gold pieces
 30052 | Shoals:1 | Noticed a kraken
 30080 | Shoals:1 | Killed a kraken
 30741 | Shoals:2 | Found Ohes's Armour Boutique.
 30770 | Shoals:2 | Bought a scarf of repulsion for 144 gold pieces
 30862 | Shoals:2 | Noticed Ilsuiw
 30873 | Shoals:2 | Killed Ilsuiw
 31523 | Shoals:2 | Noticed a kraken
 31562 | Shoals:2 | HP: 6/151 [tentacle[a kraken] (8)]
 31563 | Shoals:2 | HP: 2/151 [kraken (18)]
 31564 | Shoals:2 | Mangled by a tentacle

Levels and vault maps discovered:
D:1:      psy_arrival_terrarium, layout_loops_ring
D:2:      layout_rooms, nicolae_overflow_hidden_temple, first_ration,
          kennysheep_generic_room_13, uniq_robin
D:3:      layout_basic, overflow_temple_1_default, hangedman_decor_riveting
D:4:      layout_basic, serial_shops, kennysheep_little_box,
          kennysheep_mini_moat, shop_statue, shop, nicolae_shop_crystal,
          minmay_fractal_squares_5, uniq_natasha, uniq_ijyb
D:5:      layout_rooms, serial_shops, shop, uniq_pikel
D:6:      layout_basic, vehumet_statue, serial_shops, shop
D:7:      layout_loops_ring, minmay_temple_entry_junction
D:8:      layout_loops_ring, minitemple, blue_anna_alchemist
          [blue_anna_fruit_fields, blue_anna_fruit_fields],
          minmay_large_rounded_square, lemuel_mausoleum_altar_kikubaaqudgha,
          uniq_erica
D:9:      layout_layer_cave, lemuel_crystal_altar, orc_0_dummy, moated_statue
D:10:     layout_gridville, dpeg_oklobed_lair, hellmonk_ghost_happy_afterlife,
          minmay_misc_feat_nine_boxes, uniq_snorg
D:11:     minmay_blocky_corners, layout_rooms, lightli_airlock
D:12:     layout_basic, roderic_serpentine_path
D:13:     layout_cave_pods, uniq_erolcha
D:14:     layout_rooms, hangedman_vaults_entry_quadrant_bands,
          kennysheep_pointless_box, uniq_rupert
D:15:     grunt_enter_depths_hoard, layout_rooms, minmay_misc_feat_iff,
          serial_shops, shop, uniq_josephine, uniq_louise
Temple:   jpeg_temple_clearing
Lair:1:   layout_hall_layers, ebering_ghost_xom, minmay_lair_oklob_chamber
Lair:2:   wad_woods_structure_01, layout_regular_city
Lair:3:   layout_small_grid, grunt_forest_stairs_basic, serial_bayou_pond_d,
          uniq_fannar, uniq_prince_ribbit2, uniq_sonja
Lair:4:   layout_loops_ring, elwin_shoals_entry_stream, dummy_snake_entry
Lair:5:   statuecave_lemuel, layout_long_grid, slime_altar_1, grunt_megastairs_1
Lair:6:   minmay_lair_end_frog_pond, layout_long_grid,
          portal_ice_cave_entry_imps, gauntlet_entry_generic,
          chequers_serial_rivers_marsh
Shoals:1: layout_shoals, serial_shops, bzr_firewalk
Shoals:2: layout_shoals, serial_shops, nicolae_shop_behind_doors, uniq_ilsuiw
Orc:1:    layout_caves, bh_open_orc_temple, uniq_urug
Orc:2:    grunt_orc_cross, layout_diamond_mine, basic_altar

Skill      XL: |  1  2  3  4  5  6  7  8  9 10 11 12 13 14 15 16 17 |
---------------+----------------------------------------------------+-----
Shields        | 4 5 6 7 8 9 11 13 14 | 14.4
Fighting       | 4 5 6 7 9 11 12 13 15 16 17 18 | 18.5
Maces & Flails | 3 4 5 6 8 10 11 12 13 14 15 16 17 | 17.1
Armour         | 6 8 10 12 | 12.3

Action                   |  1- 3 |  4- 6 |  7- 9 | 10-12 | 13-15 | 16-18 || total
-------------------------+-------+-------+-------+-------+-------+-------++-------
Melee: Flail             |   154 |   232 |   186 |   462 |  1062 |   196 ||  2292
       Whip              |       |   104 |       |       |       |       ||   104
       Mace              |       |       |       |       |    13 |       ||    13
       Morningstar       |       |       |       |       |     5 |   511 ||   516
       Sacred scourge    |       |       |       |       |       |    11 ||    11
Throw: Throwing net      |       |       |       |       |     2 |       ||     2
Invok: Divine Shield     |       |       |       |     1 |       |     1 ||     2
       Brand Weapon With |       |       |       |       |       |     1 ||     1
 Abil: Dig               |     2 |     1 |     1 |     3 |    14 |    11 ||    32
Evoke: Wand              |       |       |       |    10 |    52 |       ||    62
  Use: Potion            |     2 |     5 |       |     3 |     2 |     2 ||    14
       Scroll            |       |     2 |     5 |    12 |    15 |    15 ||    49
  Eat: Chunk             |     1 |    10 |    10 |    22 |    39 |    21 ||   103
       Ration            |       |       |       |       |       |     1 ||     1
Armor: Scale mail        |    79 |   157 |    24 |       |       |       ||   260
       Skin              |       |     9 |       |       |       |       ||     9
       Plate armour      |       |       |    37 |   135 |    42 |       ||   214
       Chain mail        |       |       |       |       |   241 |   131 ||   372
       Ice dragon scales |       |       |       |       |       |    67 ||    67
Dodge: Dodged            |    49 |   128 |    37 |    77 |   155 |   146 ||   592
       Deflected         |       |       |       |       |       |     5 ||     5
Block: Shield            |   100 |   209 |    85 |   235 |   456 |   272 ||  1357
       Large shield      |       |       |       |       |       |   253 ||   253
